Map: [ESL] Gresvan

Players

SKillous - Winner!

  • Race: Protoss Protoss
  • League: Grandmaster
  • Spawn Location: 11:00

Solar

  • Race: Zerg Zerg
  • League: Master
  • Spawn Location: 5:00

Event: HomeStory Cup XXIII

VOD

Have the link to the VOD?

Description

Time

  • Played on: June 30, 2023, 3:23 p.m.
  • Length: 12:20

All games in this series

Show
View Real Time Build Order
Export as new Build Order

SKillous Protoss - Winner!

Build Orders: 1 Gate Expand, Zealot Archon, Archon Drop, Dark Templar Rush 

Get SALT Encoding   

  12  0:00  Probe  
  13  0:12  Probe  
  14  0:17  Pylon  
  14  0:24  Probe  
  15  0:33  Assimilator  
  15  0:36  Probe (Chrono Boost)  
  16  0:42  Gateway  
  16  0:46  Probe (Chrono Boost)  
  17  0:53  Probe  
  18  1:05  Probe  
  19  1:17  Probe  
  20  1:23  Nexus  
  20  1:31  Cybernetics Core  
  20  1:35  Probe  
  21  1:40  Assimilator  
  21  1:47  Probe  
  21  1:51  Pylon  
  22  1:59  Probe  
  23  2:06  Adept (Chrono Boost)  
  23  2:11  Probe (Chrono Boost)  
  23  2:14  Twilight Council  
  26  2:16  Warp Gate  
  27  2:23  Probe (Chrono Boost)  
  27  2:29  Stalker  
  29  2:32  Probe (Chrono Boost)  
  29  2:35  Probe (Chrono Boost)  
  32  2:44  Robotics Facility  
  32  2:45  Probe (Chrono Boost)  
  32  2:46  Probe (Chrono Boost)  
  33  2:53  Probe  
  33  2:55  Probe  
  35  3:06  Probe  
  35  3:07  Dark Shrine, Probe  
  37  3:18  Probe, Gateway  
  37  3:19  Probe  
  39  3:25  Gateway  
  39  3:29  Gateway  
  39  3:31  Probe  
  40  3:37  Warp Prism (Chrono Boost)  
  42  3:42  Probe  
  42  3:45  Probe  
  42  3:48  Pylon  
  44  3:52  Assimilator  
  44  3:54  Assimilator  
  44  3:55  Probe  
  45  3:57  Probe  
  45  4:00  Pylon  
  47  4:10  Probe (Chrono Boost)  
  47  4:14  Probe (Chrono Boost)  
  48  4:19  Probe (Chrono Boost)  
  48  4:22  Probe (Chrono Boost)  
  50  4:24  Probe  
  50  4:26  Dark Templar x2  
  50  4:27  Dark Templar  
  50  4:28  Dark Templar  
  59  4:33  Probe  
  59  4:35  Pylon  
  60  4:53  Probe  
  60  4:55  Warp Prism (Chrono Boost)  
  60  4:58  Probe  
  56  5:04  Dark Templar x3  
  56  5:05  Probe  
  63  5:13  Nexus  
  63  5:15  Pylon  
  63  5:16  Blink (Chrono Boost)  
  63  5:20  Archon  
  63  5:22  Probe  
  63  5:24  Archon, Forge  
  63  5:26  Probe  
  65  5:32  Robotics Bay  
  65  5:35  Probe  
  66  5:39  Probe  
  66  5:41  Observer  
  68  5:46  Shield Battery  
  68  5:47  Probe  
  69  5:50  Stalker  
  71  5:57  Stalker  
  71  5:59  Protoss Ground Weapons Level 1 (Chrono Boost)  
  71  6:02  Probe x2  
  75  6:06  Pylon  
  75  6:14  Probe  
  75  6:16  Pylon  
  76  6:18  Probe  
  76  6:22  Disruptor (Chrono Boost)  
  76  6:25  Shield Battery  
  80  6:26  Photon Cannon  
  80  6:29  Photon Cannon  
  80  6:30  Shield Battery  
  80  6:31  Stalker  
  80  6:32  Stalker x2  
  86  6:38  Probe x3  
  89  6:40  Stalker  
  89  6:46  Assimilator  
  91  6:47  Disruptor (Chrono Boost), Assimilator  
  91  6:50  Probe, Pylon  
  94  6:55  Gravitic Drive  
  94  6:59  Probe, Pylon  
  94  7:00  Probe  
  96  7:06  Probe  
  97  7:09  Gateway  
  97  7:10  Gateway  
  97  7:11  Probe  
  98  7:16  Observer (Chrono Boost)  
  98  7:22  Photon Cannon  
  99  7:29  Photon Cannon  
  99  7:31  Protoss Ground Weapons Level 2  
  99  7:32  Stalker x2  
  99  7:33  Stalker x2  
  107  7:40  Disruptor  
  110  7:48  Pylon  
  110  7:51  Pylon  
  110  7:52  Pylon  
  110  7:56  Pylon  
  110  8:05  Charge  
  110  8:06  Dark Templar  
  110  8:07  Dark Templar  
  110  8:12  Archon  
  114  8:19  Probe, Disruptor (Chrono Boost)  
  116  8:28  Nexus, Probe  
  116  8:29  Pylon  
  116  8:30  Probe  
  116  8:33  Dark Templar x2  
  122  8:35  Probe  
  122  8:37  Archon  
  122  8:39  Gateway  
  122  8:40  Probe, Gateway  
  124  8:45  Disruptor (Chrono Boost)  
  124  8:48  Probe x2  
  129  8:51  Gateway, Shield Battery  
  129  8:52  Gateway  
  129  8:54  Shield Battery  
  129  8:55  Probe  
  130  8:59  Assimilator  
  130  9:05  Dark Templar x3, Assimilator  
  130  9:07  Probe  
  130  9:08  Pylon  
  138  9:17  Probe x2  
  138  9:19  Probe  
  138  9:20  Dark Templar, Archon  
  142  9:28  Gateway x2  
  142  9:30  Gateway  
  142  9:32  Disruptor (Chrono Boost), Archon, Photon Cannon  
  142  9:34  Shield Battery  
  142  9:35  Photon Cannon  
  142  9:37  Pylon  
  142  9:38  Photon Cannon  
  145  9:41  Dark Templar  
  145  9:42  Dark Templar  
  149  9:46  Photon Cannon  
  149  9:48  Archon  
  149  9:58  Photon Cannon  
  149  9:59  Pylon  
  150  10:00  Probe, Disruptor (Chrono Boost)  
  153  10:07  Photon Cannon  
  153  10:16  Dark Templar x2  
  153  10:21  Archon  
  157  10:22  Dark Templar x2  
  157  10:23  Zealot x5  
  157  10:24  Zealot  
  157  10:28  Archon  
  158  10:46  Dark Templar x2  
  158  10:47  Dark Templar x2  
  166  10:51  Archon  
  166  10:52  Archon  
  137  11:07  Stalker  
  137  11:08  Stalker x8  
  139  11:22  Stalker x4  
  147  11:26  Pylon  
  147  11:32  Dark Templar x2  
  148  11:33  Zealot x7  
  148  11:37  Archon  
  162  11:46  Zealot x4  
  129  11:55  Zealot x4  
  129  11:59  Zealot x3  
  131  12:04  Probe  
  131  12:05  Probe x2  
Show
View Real Time Build Order
Export as new Build Order

Solar Zerg 

Build Orders: Hatch First 

Get SALT Encoding   

  12  0:00  Drone  
  13  0:12  Overlord  
  13  0:16  Drone  
  14  0:40  Drone  
  15  0:43  Drone  
  15  0:48  Hatchery  
  15  0:52  Drone  
  15  0:55  Drone  
  17  1:02  Drone  
  18  1:09  Extractor  
  17  1:15  Spawning Pool  
  17  1:17  Drone  
  17  1:24  Drone  
  18  1:33  Drone  
  19  1:44  Drone  
  20  1:55  Overlord  
  20  2:02  Queen x2  
  20  2:03  Zergling x2  
  20  2:06  Zergling x2  
  26  2:11  Drone  
  27  2:16  Metabolic Boost  
  27  2:17  Drone  
  27  2:21  Drone  
  29  2:27  Drone  
  30  2:34  Hatchery  
  30  2:36  Drone  
  30  2:44  Queen  
  30  2:47  Overlord  
  30  2:51  Drone  
  33  2:54  Drone  
  33  2:56  Drone  
  35  3:00  Drone  
  35  3:05  Queen  
  36  3:06  Drone  
  39  3:13  Drone x3  
  39  3:17  Overlord  
  42  3:22  Queen  
  44  3:29  Overlord  
  44  3:36  Drone x2  
  44  3:37  Drone  
  47  3:44  Queen  
  47  3:47  Queen  
  47  3:48  Drone  
  52  3:51  Drone x2  
  52  3:52  Zergling x6  
  57  4:01  Roach Warren  
  57  4:02  Zergling x6  
  59  4:05  Drone x2  
  59  4:09  Overlord  
  61  4:11  Spore Crawler  
  61  4:12  Spore Crawler  
  61  4:14  Drone  
  60  4:18  Spore Crawler  
  60  4:19  Drone  
  61  4:24  Drone  
  61  4:27  Lair  
  61  4:29  Drone x2  
  61  4:31  Extractor  
  62  4:35  Zergling x8  
  64  4:46  Drone x2  
  64  4:52  Drone  
  65  4:53  Overlord  
  65  5:03  Overlord  
  65  5:04  Overlord  
  65  5:08  Overlord  
  65  5:12  Extractor, Drone x6  
  69  5:17  Drone x3  
  71  5:22  Drone x2  
  71  5:26  Overseer  
  71  5:27  Glial Reconstitution  
  73  5:28  Drone  
  73  5:31  Overseer  
  73  5:34  Drone x3  
  73  5:35  Drone x2  
  79  5:37  Extractor  
  79  5:38  Extractor, Drone  
  79  5:42  Drone  
  79  5:47  Drone x4  
  79  5:48  Overlord  
  83  5:50  Roach  
  83  5:53  Roach x2  
  88  5:59  Drone x2  
  88  6:05  Hatchery  
  88  6:09  Roach x3  
  92  6:12  Drone x2, Evolution Chamber  
  92  6:14  Overlord  
  92  6:17  Drone  
  94  6:18  Overlord  
  94  6:22  Overlord  
  94  6:23  Drone  
  94  6:25  Drone  
  96  6:27  Drone  
  96  6:28  Baneling Nest  
  96  6:31  Overlord x2  
  96  6:34  Overseer  
  96  6:38  Roach x3  
  101  6:42  Zergling x8  
  101  6:44  Drone x2  
  107  6:47  Zerg Melee Weapons Level 1  
  107  6:48  Roach  
  107  6:53  Roach x3  
  115  6:56  Ravager  
  115  6:57  Ravager  
  115  6:59  Zergling x2, Ravager  
  115  7:00  Zergling x6  
  115  7:01  Drone  
  122  7:05  Overlord  
  122  7:07  Drone  
  123  7:11  Zergling x6  
  123  7:12  Centrifugal Hooks  
  126  7:16  Overlord  
  126  7:17  Roach x2  
  126  7:20  Drone x2  
  132  7:24  Zergling x10  
  132  7:29  Overlord  
  137  7:31  Zergling x4  
  137  7:32  Zergling x2  
  140  7:38  Drone x3  
  140  7:43  Drone  
  143  7:44  Drone  
  143  7:46  Drone  
  143  7:47  Zergling x2, Infestation Pit  
  143  7:48  Zergling x6  
  143  7:49  Hatchery  
  147  7:53  Drone x3  
  147  7:56  Extractor  
  147  7:57  Zergling x6  
  152  8:02  Overlord x2  
  152  8:04  Drone x2  
  152  8:05  Overseer  
  154  8:06  Pneumatized Carapace  
  154  8:08  Zergling x12  
  160  8:16  Roach x2, Zergling x8  
  166  8:21  Evolution Chamber  
  166  8:22  Zergling x2  
  166  8:23  Zergling x6  
  169  8:27  Baneling x12  
  169  8:28  Hive  
  169  8:30  Baneling  
  169  8:33  Baneling x9  
  169  8:36  Baneling x3  
  169  8:38  Drone  
  169  8:39  Overlord  
  170  8:42  Zergling x12  
  170  8:47  Zergling x10  
  181  8:49  Zerg Melee Weapons Level 2  
  181  8:52  Zerg Missile Weapons Level 1  
  178  8:57  Zergling x12  
  178  9:00  Zergling x2  
  178  9:01  Zergling x4  
  184  9:05  Drone x6  
  190  9:10  Zergling x8  
  190  9:15  Drone x2  
  183  9:18  Zergling x2  
  183  9:19  Zergling x8  
  183  9:20  Drone  
  183  9:22  Overlord  
  189  9:26  Ravager  
  189  9:30  Baneling x6  
  189  9:31  Baneling x14  
  192  9:34  Zergling x8  
  192  9:37  Drone, Spore Crawler  
  198  9:39  Overlord  
  198  9:41  Viper  
  198  9:43  Adrenal Glands, Viper  
  200  9:57  Zergling x14  
  200  10:03  Extractor  
  200  10:06  Extractor, Drone  
  200  10:15  Baneling x4  
  200  10:16  Baneling x4  
  199  10:31  Zergling x10  
  200  10:36  Spire  
  200  10:39  Zergling x8  
  200  10:44  Zergling x2  
  200  10:45  Baneling x5  
  200  10:46  Zergling x4  
  199  10:50  Zergling x4  
  199  10:56  Zergling x10  
  199  10:57  Zergling x22  
  193  11:02  Roach x2  
  152  11:05  Zergling x30  
  149  11:12  Roach  
  149  11:16  Roach x2  
  149  11:17  Queen x2, Baneling x26  
  158  11:19  Zergling x8  
  158  11:20  Ravager  
  158  11:21  Ravager  
  158  11:25  Zergling x16  
  169  11:27  Queen x2  
  169  11:30  Roach x7  
  169  11:31  Roach  
  173  11:35  Roach x2  
  170  11:45  Roach x5  
  143  11:50  Roach x3  
  143  11:53  Roach x4  
  143  11:55  Zergling x2  
  143  11:56  Zergling x2  
  143  11:58  Zergling x2  
  143  12:00  Zergling x4  
  143  12:01  Zergling x2  
Tags
 
Add a new tag
Caveats
  • Supply blocks, unpowered buildings, or Contaminate may cause inaccurate times.
  • Supply counts are checked every 10 seconds.